 Dungeon Crawl Stone Soup version 0.31-a0-180-g519b7de00c (webtiles) character file.

Game seed: 454356668548700892

83101 qw the Severer (level 15, 0/97 HPs)
             Began as a Gargoyle Fighter on June 19, 2023.
             Was a High Priest of Okawaru.
             Slain by an orc warrior
             ... wielding a +0 glaive
              (21 damage)
             ... on level 2 of the Orcish Mines.
             The game lasted 00:09:23 (18164 turns).

qw the Severer (Gargoyle Fighter)                  Turns: 18164, Time: 00:09:23

Health: 0/97       AC: 41    Str: 31    XL:     15   Next: 76%
Magic:  17/22      EV: 12    Int: 19    God:    Okawaru [*****.]
Gold:   560        SH:  7    Dex: 12    Spells: 14/14 levels left

rFire   . . .        x - +2 broad axe of Valour {flame, Int+2}
rCold   + + .        c - +0 buckler
rNeg    + . .        i - +1 plate armour of Lellur {rC++ Int+3 Dex-3 SInv}
rPois   inf          s - +2 helmet
rElec   +            m - +0 cloak
rCorr   .            n - +0 pair of gloves of the Eternal Void {Int+3 Slay+2}
SInv    +            z - +2 pair of boots
Will    +....        e - amulet of regeneration Stlth
                     y - +6 ring of dexterity
HPRegen 1.16/turn    w - +6 ring of strength
MPRegen 0.18/turn

%: no passive effects
@: about to teleport, heroic, finesse-ful, flying
A: sickness immunity, AC +11, big wings, negative energy resistance 1,
electricity resistance, torment resistance 1, petrification resistance
a: Renounce Religion, Heroism, Finesse, Duel


You were on level 2 of the Orcish Mines.
You worshipped Okawaru.
Okawaru was extremely pleased with you.
You visited 4 branches of the dungeon, and saw 23 of its levels.
You visited 1 bazaar.

You collected 1786 gold pieces.
You spent 1226 gold pieces at shops.


Innate Abilities, Weirdness & Mutations

You are immune to sickness and miasma.
Your stone body is resilient. (AC +11)
You are immune to poison.
Your large and strong wings let you fly.
You resist negative energy. (rN+)
You are resistant to electric shocks. (rElec)
You are resistant to unholy torment.
You are immune to petrification.


   Skills:
 + Level 12.9(17.9) Fighting
 - Level 17.0(22.0) Axes
 - Level 6.1(11.1) Throwing
 - Level 12.0(17.0) Armour
 - Level 4.0(9.0) Dodging
 - Level 8.0(13.0) Shields
 - Level 10.1 Invocations


You had 14 spell levels left.
You didn't know any spells.
Your spell library was empty.

Inventory:

Hand Weapons
 x - the +2 broad axe of Valour (weapon) {flame, Int+2}
   (Okawaru gifted it to you on level 14 of the Dungeon)

   Int:       It affects your intelligence (+2).
 I - a +0 broad axe
Missiles
 h - 2 silver boomerangs
 q - 4 boomerangs
 r - 6 javelins (quivered)
 D - a boomerang of dispersal
Armour
 c - a +0 buckler (worn)
 i - the +1 plate armour of Lellur (worn) {rC++ Int+3 Dex-3 SInv}
   (You found it on level 13 of the Dungeon)

   Int:       It affects your intelligence (+3).
   Dex:       It affects your dexterity (-3).
   rC:        It greatly protects you from cold.
   SInv:      It lets you see invisible.
 m - a +0 cloak (worn)
 n - the +0 pair of gloves of the Eternal Void (worn) {Int+3 Slay+2}
   (You found it on level 9 of the Dungeon)

   Int:       It affects your intelligence (+3).
   Slay:      It affects your accuracy & damage with ranged weapons and melee
   (+2).
 s - a +2 helmet (worn)
 z - a +2 pair of boots (worn)
 A - the +1 robe of Baldness {rElec rF- rCorr}
   (You found it on level 7 of the Dungeon)

   rF:        It makes you vulnerable to fire.
   rElec:     It insulates you from electricity.
   rCorr:     It protects you from acid and corrosion.
Jewellery
 e - an amulet of regeneration (around neck)
 l - a ring of see invisible
 p - a ring of ice
 w - a +6 ring of strength (right hand)
 y - a +6 ring of dexterity (left hand)
 E - a ring of resist corrosion
 G - a ring of ice
Wands
 F - a wand of digging (3)
Scrolls
 b - 12 scrolls of identify
 f - 4 scrolls of teleportation
 H - a scroll of enchant weapon
Potions
 a - 2 potions of cancellation
 d - a potion of might
 g - 2 potions of enlightenment
 j - 8 potions of curing
 k - a potion of resistance
 o - 8 potions of lignification
 t - 4 potions of heal wounds
 u - 3 potions of magic
 v - 3 potions of attraction
 B - 3 potions of mutation

Dungeon Overview and Level Annotations

Branches:
Dungeon (15/15)            Temple (1/1) D:4            Lair (5/5) D:9
 Shoals (0/4) Lair:3       Spider (0/4) Lair:3        Slime (0/5) Lair:4
    Orc (2/2) D:11         Vaults (0/5) D:13         Depths (0/4) D:15
    Elf: Orc:2

Altars:
Ashenzari
Cheibriados
Dithmenos
Elyvilon
Fedhas
Gozag
Hepliaklqana
Kikubaaqudgha
Makhleb
Nemelex Xobeh
Okawaru
Qazlal
Ru
Sif Muna
Trog
Uskayaw
Vehumet
Wu Jian
Xom
Yredelemnul
Zin
The Shining One
Jiyva

Shops:
D:5 !*   D:14 [   Orc:2 =

Annotations:
D:2 1 runed translucent door, Crazy Yiuf
D:8 2 transporters, qw's ghost, novice GrHu
Lair:3 3 runed translucent doors, qw's ghost, journeyman GrFi


Message History

The orc warlord is moderately wounded.
You slice the orc warlord!! You burn the orc warlord!
The orc warlord is heavily wounded.
You closely miss the chaos spawn. You closely miss the orc warlord.
The orc warlord is heavily wounded.
You slash the chaos spawn! You burn the chaos spawn.
You block the orc warrior's attack.
The orc warrior unwields a +0 trident.
The orc warrior wields a +0 arbalest.
The orc warrior shoots a bolt.
The bolt hits you but does no damage.
The orc warrior hits you but does no damage.
The chaos spawn hits you.
You are engulfed in flames!
You chop the chaos spawn into pieces!!! You burn the chaos spawn.
You kill the chaos spawn!
The chaos spawn degenerates into a cloud of primal chaos!
You hit the orc warlord but do no damage.
You closely miss the orc knight. You slice the orc warlord!!
You burn the orc warlord!
The orc warlord is almost dead.
You closely miss the orc knight.
You hear a shout!
You slice the orc warlord!! You burn the orc warlord.
You kill the orc warlord!
Okawaru accepts your kill.
You barely miss the orc knight.
The orc high priest calls upon Beogh to heal the orc knight.
The orc knight is healed somewhat.
The orc warrior hits you from afar with a +0 glaive!
The orc warrior misses you.
The hellwing swoops through the air toward you!
The hellwing barely misses you.
The hellwing hits you but does no damage.
18164 ||| READING 5 scrolls of teleportation.
As you read the scroll of teleportation, it crumbles to dust.
You feel strangely unstable.
The orc knight roars a battlecry!
An orc knight comes into view. It is wielding a +1 great mace.
You block the orc warrior's attack.
The orc warrior hits you from afar with a +0 glaive!!
You die...

..............o
P..........#...
...8.\...P.....
P............
..........o.
.....o.o..#
......¤ooo# .
......)@#.#....
.......4.......
.$.............
...............
...............
...##..........
... ...........
#. ............
.............


You could see 2 orc knights, an orc high priest (strong), a hellwing (summoned)
and 4 orc warriors.

Vanquished Creatures
  Jorgrun (D:13)
  An orc warlord (Orc:2)
  Azrael (D:12)
  An ettin (D:13)
  Fannar (Lair:1)
  A yaktaur captain (D:13)
  2 ogre magi (D:15)
  A rakshasa (D:15)
  5 hydras
  A catoblepas (Lair:5)
  A boulder beetle (D:11)
  2 centaur warriors
  2 dancing weapons (D:13)
  9 two-headed ogres (D:15)
  9 death yaks
  Urug (Lair:2)
  2 orc high priests (Orc:2)
  Amaemon (Lair:1)
  A skyshark (Lair:3)
  A necromancer (D:15)
  A harpy (shapeshifter) (D:14)
  2 lindwurms (Lair:5)
  2 deep elf pyromancers
  A wolf spider (D:13)
  2 deep elf zephyrmancers (D:15)
  An oklob plant (Lair:3)
  3 orc knights
  3 cyclopes
  3 orc sorcerers
  2 manticores (D:14)
  17 elephants
  Joseph (D:7)
  A centaur zombie (D:15)
  6 black mambas
  A smoke demon (D:14)
  An orange demon (Lair:1)
  A gargoyle (D:14)
  22 cane toads
  A torpor snail (Lair:3)
  2 centaur skeletons (D:15)
  7 rime drakes
  A freezing wraith (D:14)
  2 kobold demonologists
  7 komodo dragons
  5 trolls
  6 meliai
  A polar bear (D:13)
  15 blink frogs
  A wolf spider simulacrum (D:13)
  3 hornets
  8 dream sheep
  8 slime creatures
  A shadow (D:9)
  2 vampires
  3 wyverns
  3 culicivoras (Lair:3)
  A water elemental (D:13)
  4 centaur simulacra
  A wraith (D:12)
  25 yaks
  4 fire elementals (D:12)
  13 basilisks
  5 vampire mosquitoes
  A steam dragon (D:8)
  An acid dragon (shapeshifter) (D:15)
  An acid dragon (D:9)
  20 water moccasins
  3 hell hounds (D:12)
  12 orc warriors
  6 ice beasts (D:13)
  2 sky beasts (D:6)
  3 black bears
  4 ogres
  14 wolves
  A centaur (D:12)
  A phantom (D:5)
  3 kobold brigands
  8 bullfrogs
  A scorpion (D:9)
  9 wights
  2 oklob saplings (D:9)
  31 killer bees
  2 howler monkeys
  3 vampire bats (D:6)
  2 electric eels (D:13)
  2 hounds
  10 orc priests
  A jelly (D:6)
  Jessica (D:2)
  A sleepcap (D:7)
  2 iguanas
  13 orc wizards
  5 gnolls
  14 adders
  2 shadow imps (D:6)
  6 white imps
  5 ufetubi
  2 worms
  2 dart slugs
  42 orcs
  13 ball pythons
  10 bats
  2 bat skeletons (D:6)
  3 bat zombies (D:6)
  6 endoplasms
  3 giant cockroaches
  13 goblins
  9 hobgoblins
  3 quokkas
  3 frilled lizards
  15 kobolds
  3 rats
564 creatures vanquished.

Notes
Turn   | Place    | Note
-------+----------+-------------------------------------------
     0 | D:1      | qw the Gargoyle Fighter began the quest for the Orb.
     0 | D:1      | Reached XP level 1. HP: 14/14 MP: 1/1
     0 | D:1      | 0 ||| qw: Version: 0.3-a-7-ge0c9b40
     0 | D:1      | 0 ||| qw: Game counter: 907
     0 | D:1      | 0 ||| qw: Always use a shield: true
     0 | D:1      | 0 ||| qw: God list: Okawaru
     0 | D:1      | 0 ||| qw: Allow faded altars: false
     0 | D:1      | 0 ||| qw: Do Orc after D:15 true
     0 | D:1      | 0 ||| qw: Do second Lair branch before Depths: true
     0 | D:1      | 0 ||| qw: Lair rune preference: random
     0 | D:1      | 0 ||| qw: Plans: Normal, Zot:1-4, Slime:5, God:TSO, Crypt,
                  | Tomb, Abyss, Pan, Hells, Win
     0 | D:1      | 0 ||| PLANNING D:1-11
    96 | D:1      | Reached skill level 2 in Axes
   178 | D:1      | Reached XP level 2. HP: 19/19 MP: 2/2
   621 | D:1      | Reached skill level 3 in Axes
   851 | D:1      | Reached XP level 3. HP: 21/23 MP: 3/3
   865 | D:1      | 865 ||| UPGRADING to +0 chain mail.
   875 | D:1      | 875 ||| DROPPING +0 scale mail.
   876 | D:1      | 876 ||| UPGRADING to +0 pair of boots.
   881 | D:1      | 881 ||| READING scroll labelled KYB HYR RUED.
   882 | D:1      | 882 ||| READING 4 scrolls labelled LAEL ALIOFFUIB.
   898 | D:2      | 898 ||| Stepping ~*~*~tactically~*~*~ (hiding).
   924 | D:2      | 924 ||| DROPPING +0 club.
   930 | D:2      | Found a runed translucent door.
   931 | D:2      | Noticed Crazy Yiuf
  1024 | D:2      | 1024 ||| Stepping ~*~*~tactically~*~*~ (stealth).
  1051 | D:2      | Noticed Jessica
  1052 | D:2      | 1052 ||| Stepping ~*~*~tactically~*~*~ (hiding).
  1053 | D:2      | 1053 ||| Stepping ~*~*~tactically~*~*~ (hiding).
  1054 | D:2      | 1054 ||| Stepping ~*~*~tactically~*~*~ (hiding).
  1062 | D:2      | Reached XP level 4. HP: 10/28 MP: 4/4
  1065 | D:2      | HP: 5/28 [gnoll/+0 spear (3)]
  1066 | D:2      | 1066 ||| READING 3 scrolls of teleportation.
  1067 | D:2      | Killed Jessica
  1068 | D:2      | Reached skill level 4 in Axes
  1463 | D:2      | Reached XP level 5. HP: 28/32 MP: 5/5
  1579 | D:2      | 1579 ||| DROPPING +0 hammer.
  1670 | D:2      | Found a stormy altar of Qazlal.
  2095 | D:2      | 2095 ||| READING 3 scrolls labelled TESSUL PIWNED.
  2096 | D:2      | 2096 ||| READING 2 scrolls labelled HUKIRUFELI.
  2097 | D:2      | 2097 ||| READING scroll of enchant weapon.
  2097 | D:2      | 2097 ||| ENCHANTING +1 war axe of electrocution.
  2098 | D:2      | 2098 ||| READING 2 scrolls of identify.
  2098 | D:2      | 2098 ||| IDENTIFYING ruby potion
  2115 | D:3      | 2115 ||| PLANNING SEWER
  2466 | D:3      | 2466 ||| READING scroll of enchant weapon.
  2466 | D:3      | 2466 ||| ENCHANTING +2 war axe of electrocution.
  2660 | D:3      | HP: 2/32 [iguana (7)]
  2661 | D:3      | 2661 ||| READING 2 scrolls of teleportation.
  2666 | D:3      | Reached skill level 5 in Axes
  2742 | D:3      | 2742 ||| RIP SEWER
  2783 | D:3      | 2783 ||| PLANNING D:1-11
  2951 | D:3      | Found a faded altar of an unknown god.
  3052 | D:3      | 3052 ||| Stepping ~*~*~tactically~*~*~ (stealth).
  3235 | D:3      | 3235 ||| UPGRADING to amulet of regeneration.
  3240 | D:3      | 3240 ||| UPGRADING to ring of see invisible.
  3241 | D:3      | 3241 ||| DRINKING 2 fizzy purple potions.
  3290 | D:3      | 3290 ||| READING 3 scrolls of identify.
  3290 | D:3      | 3290 ||| IDENTIFYING cyan potion
  3291 | D:3      | 3291 ||| READING 2 scrolls of identify.
  3291 | D:3      | 3291 ||| IDENTIFYING lumpy cyan potion
  3313 | D:4      | Reached XP level 6. HP: 38/38 MP: 6/6
  3500 | D:4      | Found a staircase to the Ecumenical Temple.
  3501 | D:4      | 3501 ||| PLANNING TEMPLE
  3501 | D:4      | 3501 ||| UPGRADING to +2 helmet.
  3506 | D:4      | 3506 ||| READING scroll labelled SIEPLU GEUMUU.
  3513 | D:4      | 3513 ||| READING 2 scrolls of identify.
  3513 | D:4      | 3513 ||| IDENTIFYING bubbling emerald potion
  3514 | D:4      | 3514 ||| DROPPING potion of invisibility.
  3516 | D:4      | 3516 ||| Stepping ~*~*~tactically~*~*~ (hiding).
  3629 | Temple   | Entered the Ecumenical Temple
  3663 | Temple   | 3663 ||| PLANNING D:1-11
  3686 | D:4      | Reached skill level 1 in Throwing
  3944 | D:5      | Entered Level 5 of the Dungeon
  3948 | D:5      | Noticed a water moccasin
  3954 | D:5      | Killed a water moccasin
  3955 | D:5      | Reached skill level 6 in Axes
  4079 | D:5      | 4079 ||| Stepping ~*~*~tactically~*~*~ (hiding).
  4118 | D:5      | Reached skill level 1 in Dodging
  4118 | D:5      | Reached XP level 7. HP: 43/43 MP: 7/7
  4130 | D:5      | Found Naumu's Distillery.
  4142 | D:5      | 4142 ||| BUYING 2 potions of lignification (66 gold).
  4142 | D:5      | Bought 2 potions of lignification for 66 gold pieces
  4142 | D:5      | 4142 ||| SHOPLISTING 2 potions of resistance (220 gold,
                  | have 202).
  4142 | D:5      | 4142 ||| BUYING potion of attraction (33 gold).
  4142 | D:5      | Bought a potion of attraction for 33 gold pieces
  4142 | D:5      | 4142 ||| BUYING potion of cancellation (88 gold).
  4142 | D:5      | Bought a potion of cancellation for 88 gold pieces
  4142 | D:5      | 4142 ||| BUYING potion of curing (33 gold).
  4142 | D:5      | Bought a potion of curing for 33 gold pieces
  4142 | D:5      | 4142 ||| BUYING potion of curing (33 gold).
  4142 | D:5      | Bought a potion of curing for 33 gold pieces
  4142 | D:5      | 4142 ||| SHOPLISTING potion of curing (33 gold, have 15).
  4142 | D:5      | 4142 ||| SHOPLISTING potion of enlightenment (55 gold, have
                  | 15).
  4538 | D:5      | Found Vauros's General Store.
  4548 | D:5      | 4548 ||| BUYING +0 pair of gloves (54 gold).
  4548 | D:5      | Bought a +0 pair of gloves for 54 gold pieces
  4548 | D:5      | 4548 ||| SHOPLISTING potion of cancellation (96 gold, have
                  | 25).
  4548 | D:5      | 4548 ||| SHOPLISTING scroll of teleportation (36 gold, have
                  | 25).
  4664 | D:5      | 4664 ||| UPGRADING to +0 cloak.
  4669 | D:5      | 4669 ||| UPGRADING to +0 plate armour.
  4679 | D:5      | 4679 ||| DROPPING +0 chain mail.
  4680 | D:5      | 4680 ||| UPGRADING to +0 pair of gloves.
  4685 | D:5      | 4685 ||| UPGRADING to +6 ring of strength.
  4686 | D:5      | 4686 ||| READING scroll labelled BENUEF CEZAVO.
  4687 | D:5      | 4687 ||| DRINKING 2 glowing clear potions.
  4762 | D:6      | Reached skill level 7 in Axes
  4777 | D:6      | 4777 ||| Stepping ~*~*~tactically~*~*~ (stealth).
  4778 | D:6      | 4778 ||| Stepping ~*~*~tactically~*~*~ (stealth).
  4779 | D:6      | 4779 ||| Stepping ~*~*~tactically~*~*~ (stealth).
  4780 | D:6      | 4780 ||| Stepping ~*~*~tactically~*~*~ (stealth).
  4781 | D:6      | 4781 ||| Stepping ~*~*~tactically~*~*~ (stealth).
  4787 | D:6      | Reached XP level 8. HP: 46/48 MP: 8/8
  4874 | D:6      | Found an ancient bone altar of Kikubaaqudgha.
  5002 | D:6      | Found a radiant altar of Vehumet.
  5012 | D:6      | Found a sparkling altar of Nemelex Xobeh.
  5012 | D:6      | Found an ornate altar of the Wu Jian Council.
  5013 | D:6      | Found a shadowy altar of Dithmenos.
  5014 | D:6      | Found a sacrificial altar of Ru.
  5016 | D:6      | Found a bloodstained altar of Trog.
  5041 | D:6      | 5041 ||| Stepping ~*~*~tactically~*~*~ (stealth).
  5062 | D:6      | Found an iron altar of Okawaru.
  5063 | D:6      | 5063 ||| PLANNING OKAWARU WORSHIP
  5063 | D:6      | 5063 ||| READING scroll labelled VIOXA ITWIMIRCH.
  5064 | D:6      | 5064 ||| READING scroll labelled ESMOUR PAFUMYG.
  5069 | D:6      | Became a worshipper of Warmaster Okawaru
  5070 | D:6      | 5070 ||| PLANNING D:1-11
  5100 | D:6      | Found a snail-covered altar of Cheibriados.
  5121 | D:6      | Found a shimmering altar of Xom.
  5323 | D:7      | Found a basalt altar of Yredelemnul.
  5386 | D:7      | Reached skill level 8 in Axes
  5501 | D:7      | Found a flagged portal.
  5606 | D:7      | Noticed Joseph
  5613 | D:7      | Killed Joseph
  5613 | D:7      | Reached * piety under Okawaru
  5614 | D:7      | Reached XP level 9. HP: 48/57 MP: 9/9
  5686 | D:7      | Reached skill level 1 in Invocations
  5690 | D:7      | Reached ** piety under Okawaru
  5696 | D:7      | Reached skill level 6 in Armour
  5701 | D:7      | 5701 ||| INVOKING Heroism.
  5704 | D:7      | Reached skill level 3 in Invocations
  5737 | D:7      | Identified the +1 robe of Baldness {rElec rF- rCorr}
  5915 | D:7      | 5915 ||| READING scroll labelled ETYXOEMEPN.
  5916 | D:7      | 5916 ||| READING 3 scrolls of identify.
  5916 | D:7      | 5916 ||| IDENTIFYING bubbling inky potion
  5917 | D:7      | 5917 ||| READING 2 scrolls of identify.
  5917 | D:7      | 5917 ||| IDENTIFYING bubbling silvery potion
  5918 | D:7      | 5918 ||| DROPPING potion of brilliance.
  5963 | D:8      | Found a transporter.
  6044 | D:8      | 6044 ||| Stepping ~*~*~tactically~*~*~ (hiding).
  6046 | D:8      | 6046 ||| INVOKING Heroism.
  6074 | D:8      | You fall into a shaft and drop 3 floors!
  6105 | D:11     | 6105 ||| READING scroll labelled CYVOVO ITUWU.
  6108 | D:11     | Noticed a troll
  6109 | D:11     | 6109 ||| INVOKING Heroism.
  6112 | D:11     | Killed a troll
  6118 | D:10     | Entered Level 10 of the Dungeon
  6149 | D:9      | Reached skill level 9 in Axes
  6208 | D:9      | 6208 ||| Stepping ~*~*~tactically~*~*~ (stealth).
  6359 | D:9      | Found a staircase to the Lair.
  6359 | D:9      | Noticed an elephant
  6359 | D:9      | Noticed a cyclops
  6360 | D:9      | 6360 ||| Stepping ~*~*~tactically~*~*~ (hiding).
  6361 | D:9      | 6361 ||| INVOKING Heroism.
  6365 | D:9      | Reached XP level 10. HP: 63/63 MP: 10/13
  6376 | D:9      | Killed an elephant
  6376 | D:9      | Reached *** piety under Okawaru
  6385 | D:9      | Killed a cyclops
  6404 | D:9      | 6404 ||| Stepping ~*~*~tactically~*~*~ (hiding).
  6405 | D:9      | 6405 ||| Stepping ~*~*~tactically~*~*~ (hiding).
  6417 | D:9      | 6417 ||| Stepping ~*~*~tactically~*~*~ (stealth).
  6419 | D:9      | 6419 ||| Stepping ~*~*~tactically~*~*~ (stealth).
  6429 | D:9      | Reached skill level 10 in Axes
  6464 | D:9      | Identified the +0 pair of gloves of the Eternal Void {Int+3
                  | Slay+2}
  6472 | D:9      | 6472 ||| UPGRADING to +0 pair of gloves of the Eternal Void
                  | {Int+3 Slay+2}.
  6482 | D:9      | 6482 ||| DROPPING +0 pair of gloves.
  6483 | D:9      | 6483 ||| DRINKING 2 green potions.
  6587 | D:9      | 6587 ||| DROPPING potion of berserk rage.
  6630 | D:8      | 6630 ||| Stepping ~*~*~tactically~*~*~ (stealth).
  6632 | D:8      | 6632 ||| Stepping ~*~*~tactically~*~*~ (stealth).
  6634 | D:8      | 6634 ||| Stepping ~*~*~tactically~*~*~ (stealth).
  6636 | D:8      | Reached **** piety under Okawaru
  6641 | D:8      | 6641 ||| INVOKING Heroism.
  6663 | D:8      | Found a transporter.
  6665 | D:8      | Noticed qw's ghost (novice GrHu)
  6668 | D:8      | Noticed a cyclops
  6731 | D:8      | Noticed a purple ugly thing
  6768 | D:8      | 6768 ||| Stepping ~*~*~tactically~*~*~ (stealth).
  6949 | D:8      | 6949 ||| PLANNING LAIR
  6949 | D:8      | 6949 ||| DRINKING 2 bubbling black potions.
  7015 | Lair:1   | Entered Level 1 of the Lair of Beasts
  7017 | Lair:1   | Noticed Fannar
  7031 | Lair:1   | 7031 ||| INVOKING Heroism.
  7052 | Lair:1   | Killed Fannar
  7066 | Lair:1   | 7066 ||| FLEEEEING.
  7067 | Lair:1   | 7067 ||| FLEEEEING.
  7070 | Lair:1   | 7070 ||| STAIRDANCE
  7135 | Lair:1   | 7135 ||| INVOKING Heroism.
  7142 | Lair:1   | Reached skill level 6 in Invocations
  7142 | Lair:1   | Reached XP level 11. HP: 64/68 MP: 12/15
  7182 | Lair:1   | 7182 ||| INVOKING Heroism.
  7196 | Lair:1   | Noticed Amaemon
  7210 | Lair:1   | Killed Amaemon
  7214 | Lair:1   | 7214 ||| INVOKING Heroism.
  7215 | Lair:1   | Received a gift from Okawaru
  7454 | Lair:1   | 7454 ||| DROPPING +0 flail.
  7791 | Lair:1   | 7791 ||| DROPPING scarf of harm.
  7792 | Lair:1   | 7792 ||| DROPPING ring of magical power.
  7793 | Lair:1   | 7793 ||| READING 3 scrolls of identify.
  7793 | Lair:1   | 7793 ||| IDENTIFYING viscous sapphire potion
  7848 | Lair:2   | Received a gift from Okawaru
  7849 | Lair:2   | Reached skill level 11 in Axes
  7849 | Lair:2   | 7849 ||| INVOKING Heroism.
  7909 | Lair:2   | Reached ***** piety under Okawaru
  7946 | Lair:2   | Identified the +6 trident of the Whelk {drain, MP+9 Dex+2
                  | Stlth+}
  7956 | Lair:2   | 7956 ||| INVOKING Heroism.
  7957 | Lair:2   | 7957 ||| Stepping ~*~*~tactically~*~*~ (stealth).
  7959 | Lair:2   | 7959 ||| Stepping ~*~*~tactically~*~*~ (stealth).
  7965 | Lair:2   | Reached skill level 3 in Throwing
  7970 | Lair:2   | Reached skill level 9 in Invocations
  7971 | Lair:2   | 7971 ||| Stepping ~*~*~tactically~*~*~ (stealth).
  7972 | Lair:2   | 7972 ||| Stepping ~*~*~tactically~*~*~ (stealth).
  7978 | Lair:2   | Reached skill level 9 in Fighting
  8068 | Lair:2   | 8068 ||| INVOKING Heroism.
  8131 | Lair:2   | 8131 ||| READING 3 scrolls of enchant weapon.
  8131 | Lair:2   | 8131 ||| ENCHANTING +3 war axe of electrocution.
  8132 | Lair:2   | 8132 ||| READING 2 scrolls of enchant weapon.
  8132 | Lair:2   | 8132 ||| ENCHANTING +4 war axe of electrocution.
  8133 | Lair:2   | 8133 ||| READING scroll of enchant weapon.
  8133 | Lair:2   | 8133 ||| ENCHANTING +5 war axe of electrocution.
  8143 | Lair:2   | 8143 ||| INVOKING Heroism.
  8156 | Lair:2   | Reached XP level 12. HP: 76/76 MP: 17/19
  8235 | Lair:2   | Noticed Urug
  8236 | Lair:2   | 8236 ||| INVOKING Heroism.
  8237 | Lair:2   | 8237 ||| INVOKING Finesse.
  8252 | Lair:2   | Killed Urug
  8519 | Lair:3   | Found a staircase to the Shoals.
  8520 | Lair:3   | 8520 ||| INVOKING Heroism.
  8530 | Lair:3   | Reached skill level 9 in Armour
  8572 | Lair:3   | Received a gift from Okawaru
  8601 | Lair:3   | 8601 ||| INVOKING Heroism.
  8640 | Lair:3   | 8640 ||| INVOKING Heroism.
  8671 | Lair:3   | Noticed a death yak
  8683 | Lair:3   | 8683 ||| INVOKING Heroism.
  8691 | Lair:3   | Killed a death yak
  8694 | Lair:3   | Reached skill level 12 in Axes
  8725 | Lair:3   | You fall into a shaft and drop 2 floors!
  8725 | Lair:5   | Entered Level 5 of the Lair of Beasts
  8757 | Lair:5   | Noticed a five-headed hydra
  8758 | Lair:5   | 8758 ||| INVOKING Heroism.
  8762 | Lair:5   | 8762 ||| SWAPPING to +0 morningstar.
  8765 | Lair:5   | Killed a five-headed hydra
  8766 | Lair:5   | Reached skill level 6 in Shields
  8766 | Lair:5   | 8766 ||| SWAPPING to +6 war axe of electrocution.
  8833 | Lair:5   | 8833 ||| INVOKING Heroism.
  8840 | Lair:5   | Received a gift from Okawaru
  8900 | Lair:5   | 8900 ||| Stepping ~*~*~tactically~*~*~ (stealth).
  8902 | Lair:5   | 8902 ||| Stepping ~*~*~tactically~*~*~ (stealth).
  8924 | Lair:5   | 8924 ||| INVOKING Heroism.
  9018 | Lair:5   | Identified the +9 battleaxe of Duty {speed, Stlth+}
                  | (Okawaru gifted it to you on level 5 of the Lair of Beasts)
  9018 | Lair:5   | Received a gift from Okawaru
  9019 | Lair:5   | Reached XP level 13. HP: 82/82 MP: 20/20
  9061 | Lair:5   | 9061 ||| INVOKING Heroism.
  9062 | Lair:5   | 9062 ||| INVOKING Finesse.
  9078 | Lair:5   | Reached skill level 13 in Axes
  9121 | Lair:5   | 9121 ||| Stepping ~*~*~tactically~*~*~ (stealth).
  9122 | Lair:5   | 9122 ||| Stepping ~*~*~tactically~*~*~ (stealth).
  9165 | Lair:5   | 9165 ||| READING scroll labelled CIAZON AZINTIZ.
  9314 | Lair:4   | Found a viscous altar of Jiyva.
  9314 | Lair:4   | Found a staircase to the Slime Pits.
  9332 | Lair:4   | 9332 ||| INVOKING Heroism.
  9389 | Lair:4   | 9389 ||| Stepping ~*~*~tactically~*~*~ (stealth).
  9391 | Lair:4   | 9391 ||| Stepping ~*~*~tactically~*~*~ (stealth).
  9402 | Lair:4   | Received a gift from Okawaru
  9417 | Lair:4   | Reached skill level 14 in Axes
  9483 | Lair:4   | 9483 ||| DROPPING ring of positive energy.
  9543 | Lair:3   | Found a runed translucent gate.
  9543 | Lair:3   | Found a runed translucent gate.
  9543 | Lair:3   | Found a runed translucent gate.
  9585 | Lair:3   | 9585 ||| Stepping ~*~*~tactically~*~*~ (hiding).
  9731 | Lair:3   | 9731 ||| INVOKING Heroism.
  9838 | Lair:3   | Found a glowing silver altar of Zin.
  9839 | Lair:3   | 9839 ||| FLEEEEING.
  9848 | Lair:3   | 9848 ||| INVOKING Heroism.
  9849 | Lair:3   | 9849 ||| INVOKING Finesse.
  9852 | Lair:3   | 9852 ||| FLEEEEING.
  9853 | Lair:3   | 9853 ||| FLEEEEING.
  9854 | Lair:3   | 9854 ||| FLEEEEING.
  9899 | Lair:3   | 9899 ||| INVOKING Heroism.
  9983 | Lair:3   | 9983 ||| Stepping ~*~*~tactically~*~*~ (stealth).
  9994 | Lair:3   | 9994 ||| INVOKING Heroism.
 10032 | Lair:3   | 10032 ||| Stepping ~*~*~tactically~*~*~ (hiding).
 10152 | Lair:3   | Found a hole to the Spider Nest.
 10208 | Lair:3   | 10208 ||| Stepping ~*~*~tactically~*~*~ (stealth).
 10210 | Lair:3   | 10210 ||| Stepping ~*~*~tactically~*~*~ (stealth).
 10219 | Lair:3   | 10219 ||| INVOKING Heroism.
 10372 | Lair:3   | Noticed qw's ghost (journeyman GrFi)
 10485 | Lair:3   | 10485 ||| READING scroll labelled DUAGRI ROYFE.
 10486 | Lair:3   | 10486 ||| READING scroll labelled SONONG OHYAT.
 10536 | Lair:4   | 10536 ||| INVOKING Heroism.
 10581 | Lair:4   | 10581 ||| Stepping ~*~*~tactically~*~*~ (stealth).
 10583 | Lair:4   | 10583 ||| Stepping ~*~*~tactically~*~*~ (stealth).
 10586 | Lair:4   | 10586 ||| Stepping ~*~*~tactically~*~*~ (stealth).
 10589 | Lair:4   | Received a gift from Okawaru
 10897 | Lair:4   | Identified the +4 lajatang of Giefuir {venom, rPois rC+
                  | Int+4}
 11328 | Lair:5   | 11328 ||| INVOKING Heroism.
 11330 | Lair:5   | 11330 ||| SWAPPING to +0 morningstar.
 11336 | Lair:5   | 11336 ||| SWAPPING to +6 war axe of electrocution.
 11437 | Lair:5   | 11437 ||| Stepping ~*~*~tactically~*~*~ (hiding).
 11646 | Lair:5   | 11646 ||| Stepping ~*~*~tactically~*~*~ (hiding).
 11651 | Lair:5   | Gained mutation: Your large and strong wings let you fly.
                  | [Gargoyle growth]
 11651 | Lair:5   | Reached XP level 14. HP: 88/90 MP: 21/21
 11679 | Lair:5   | 11679 ||| Stepping ~*~*~tactically~*~*~ (hiding).
 11680 | Lair:5   | 11680 ||| Stepping ~*~*~tactically~*~*~ (stealth).
 11681 | Lair:5   | 11681 ||| INVOKING Heroism.
 11688 | Lair:5   | Reached skill level 6 in Throwing
 11689 | Lair:5   | 11689 ||| SWAPPING to +0 morningstar.
 11697 | Lair:5   | 11697 ||| SWAPPING to +6 war axe of electrocution.
 11735 | Lair:5   | 11735 ||| Stepping ~*~*~tactically~*~*~ (hiding).
 11737 | Lair:5   | 11737 ||| Stepping ~*~*~tactically~*~*~ (hiding).
 11760 | Lair:5   | 11760 ||| Stepping ~*~*~tactically~*~*~ (stealth).
 11783 | Lair:5   | Identified the +0 chain mail of Vaixynek {Str+4 Dex-5}
 11801 | Lair:5   | 11801 ||| Stepping ~*~*~tactically~*~*~ (hiding).
 11815 | Lair:5   | 11815 ||| INVOKING Heroism.
 11816 | Lair:5   | 11816 ||| INVOKING Finesse.
 11817 | Lair:5   | 11817 ||| SWAPPING to +0 morningstar.
 11824 | Lair:5   | 11824 ||| SWAPPING to +6 war axe of electrocution.
 11969 | Lair:5   | 11969 ||| INVOKING Heroism.
 11981 | Lair:5   | Reached skill level 15 in Axes
 12037 | Lair:5   | 12037 ||| Stepping ~*~*~tactically~*~*~ (stealth).
 12090 | Lair:5   | 12090 ||| PLANNING D:1-11
 12090 | Lair:5   | 12090 ||| DROPPING +0 chain mail of Vaixynek {Str+4 Dex-5}.
 12370 | D:9      | 12370 ||| Stepping ~*~*~tactically~*~*~ (stealth).
 12571 | D:9      | 12571 ||| UPGRADING to +1 pair of boots.
 12581 | D:9      | 12581 ||| DROPPING +0 pair of boots.
 13037 | D:10     | 13037 ||| Stepping ~*~*~tactically~*~*~ (stealth).
 13038 | D:10     | 13038 ||| Stepping ~*~*~tactically~*~*~ (stealth).
 13066 | D:10     | 13066 ||| Stepping ~*~*~tactically~*~*~ (stealth).
 13082 | D:10     | 13082 ||| READING scroll of enchant armour.
 13082 | D:10     | 13082 ||| ENCHANTING +1 pair of boots.
 13102 | D:10     | 13102 ||| Stepping ~*~*~tactically~*~*~ (hiding).
 13229 | D:10     | 13229 ||| Stepping ~*~*~tactically~*~*~ (hiding).
 13297 | D:10     | Received a gift from Okawaru
 13727 | D:11     | 13727 ||| INVOKING Heroism.
 13728 | D:11     | 13728 ||| INVOKING Finesse.
 13847 | D:11     | Reached skill level 12 in Fighting
 13995 | D:11     | Found a staircase to the Orcish Mines.
 14226 | D:11     | 14226 ||| PLANNING D
 14226 | D:11     | 14226 ||| READING scroll labelled KOELYSICHO.
 14420 | D:12     | Noticed Azrael
 14421 | D:12     | 14421 ||| Stepping ~*~*~tactically~*~*~ (hiding).
 14423 | D:12     | 14423 ||| INVOKING Heroism.
 14439 | D:12     | Killed Azrael
 14439 | D:12     | Received a gift from Okawaru
 14440 | D:12     | HP: 23/92 [burnt (5)]
 14591 | D:12     | 14591 ||| INVOKING Heroism.
 15242 | D:13     | Noticed Jorgrun
 15243 | D:13     | 15243 ||| PLANNING BAZAAR
 15243 | D:13     | 15243 ||| INVOKING Heroism.
 15250 | D:13     | Killed Jorgrun
 15320 | D:13     | Found a frozen archway.
 15353 | D:13     | 15353 ||| INVOKING Heroism.
 15358 | D:13     | 15358 ||| SWAPPING to +0 morningstar.
 15365 | D:13     | 15365 ||| SWAPPING to +6 war axe of electrocution.
 15398 | D:13     | 15398 ||| INVOKING Finesse.
 15409 | D:13     | Reached skill level 16 in Axes
 15453 | D:13     | 15453 ||| INVOKING Heroism.
 15483 | D:13     | Identified the +1 plate armour of Lellur {rC++ Int+3 Dex-3
                  | SInv}
 15488 | D:13     | 15488 ||| UPGRADING to +1 plate armour of Lellur {rC++
                  | Int+3 Dex-3 SInv}.
 15498 | D:13     | 15498 ||| REMOVING ring of see invisible.
 15503 | D:13     | 15503 ||| DROPPING +0 plate armour.
 15504 | D:13     | 15504 ||| DROPPING +0 helmet of intelligence.
 15511 | D:13     | 15511 ||| UPGRADING to +6 ring of dexterity.
 15553 | D:13     | 15553 ||| Stepping ~*~*~tactically~*~*~ (stealth).
 15565 | D:13     | Reached skill level 3 in Dodging
 15590 | D:13     | 15590 ||| FLEEEEING.
 15591 | D:13     | 15591 ||| Stepping ~*~*~tactically~*~*~ (hiding).
 15741 | D:13     | 15741 ||| Stepping ~*~*~tactically~*~*~ (hiding).
 15787 | D:13     | Found a flickering gateway to a bazaar.
 15789 | D:13     | Received a gift from Okawaru
 15790 | D:13     | Reached XP level 15. HP: 96/96 MP: 22/22
 15802 | Bazaar   | Entered a bazaar
 15802 | Bazaar   | Found Betafiash's Weapon Boutique.
 15802 | Bazaar   | Found Daneaps's Distillery.
 15802 | Bazaar   | Found Fulelaod's Assorted Antiques.
 15802 | Bazaar   | Found Huhy's Book Boutique.
 15807 | Bazaar   | 15807 ||| BUYING fizzy yellow potion (23 gold).
 15807 | Bazaar   | Bought a fizzy yellow potion for 23 gold pieces
 15807 | Bazaar   | 15807 ||| BUYING potion of heal wounds (130 gold).
 15807 | Bazaar   | Bought a potion of heal wounds for 130 gold pieces
 15807 | Bazaar   | 15807 ||| BUYING ring of ice (650 gold).
 15807 | Bazaar   | Bought a ring of ice for 650 gold pieces
 15807 | Bazaar   | 15807 ||| BUYING scroll of identify (52 gold).
 15807 | Bazaar   | Bought a scroll of identify for 52 gold pieces
 15811 | Bazaar   | 15811 ||| BUYING potion of heal wounds (40 gold).
 15811 | Bazaar   | Bought a potion of heal wounds for 40 gold pieces
 15811 | Bazaar   | 15811 ||| BUYING potion of lignification (24 gold).
 15811 | Bazaar   | Bought a potion of lignification for 24 gold pieces
 15813 | Bazaar   | 15813 ||| READING 9 scrolls of identify.
 15813 | Bazaar   | 15813 ||| IDENTIFYING fizzy yellow potion
 15814 | Bazaar   | 15814 ||| DROPPING potion of ambrosia.
 15819 | D:13     | 15819 ||| PLANNING D
 16057 | D:13     | Found a gate to the Vaults.
 16109 | D:13     | 16109 ||| Stepping ~*~*~tactically~*~*~ (stealth).
 16216 | D:13     | 16216 ||| DROPPING amulet of guardian spirit.
 16217 | D:13     | 16217 ||| READING scroll labelled LIBAYV LUOKK.
 16454 | D:14     | 16454 ||| INVOKING Heroism.
 16515 | D:14     | Identified the +2 broad axe of Valour {flame, Int+2}
                  | (Okawaru gifted it to you on level 14 of the Dungeon)
 16515 | D:14     | Received a gift from Okawaru
 16516 | D:14     | Reached skill level 12 in Armour
 16517 | D:14     | 16517 ||| SWAPPING to +2 broad axe of Valour {flame,
                  | Int+2}.
 16518 | D:14     | 16518 ||| DROPPING +0 morningstar.
 16554 | D:14     | 16554 ||| INVOKING Heroism.
 16682 | D:14     | 16682 ||| Stepping ~*~*~tactically~*~*~ (hiding).
 16683 | D:14     | 16683 ||| Stepping ~*~*~tactically~*~*~ (hiding).
 16835 | D:14     | 16835 ||| INVOKING Heroism.
 16898 | D:14     | Found Ote Nyuqe's Antique Armour Emporium.
 16906 | D:14     | 16906 ||| SHOPLISTING runed orb (324 gold, have 51).
 16906 | D:14     | 16906 ||| SHOPLISTING shiny plate armour (702 gold, have
                  | 51).
 16971 | D:14     | Identified the +1 robe "Qaaqogg" {Stlth+}
 16974 | D:14     | 16974 ||| Stepping ~*~*~tactically~*~*~ (hiding).
 16981 | D:14     | 16981 ||| INVOKING Heroism.
 16984 | D:14     | 16984 ||| Stepping ~*~*~tactically~*~*~ (hiding).
 16985 | D:14     | 16985 ||| Stepping ~*~*~tactically~*~*~ (hiding).
 17010 | D:14     | 17010 ||| Stepping ~*~*~tactically~*~*~ (hiding).
 17011 | D:14     | 17011 ||| Stepping ~*~*~tactically~*~*~ (hiding).
 17014 | D:14     | 17014 ||| Stepping ~*~*~tactically~*~*~ (hiding).
 17015 | D:14     | 17015 ||| Stepping ~*~*~tactically~*~*~ (hiding).
 17016 | D:14     | 17016 ||| Stepping ~*~*~tactically~*~*~ (hiding).
 17018 | D:14     | 17018 ||| Stepping ~*~*~tactically~*~*~ (hiding).
 17027 | D:14     | 17027 ||| Stepping ~*~*~tactically~*~*~ (cloud).
 17029 | D:14     | 17029 ||| Stepping ~*~*~tactically~*~*~ (cloud).
 17045 | D:14     | Found a burning altar of Makhleb.
 17072 | D:14     | 17072 ||| READING scroll labelled BUZUTE WOIL.
 17220 | D:15     | Entered Level 15 of the Dungeon
 17221 | D:15     | 17221 ||| INVOKING Heroism.
 17287 | D:15     | 17287 ||| Stepping ~*~*~tactically~*~*~ (stealth).
 17301 | D:15     | 17301 ||| FLEEEEING.
 17302 | D:15     | 17302 ||| FLEEEEING.
 17304 | D:15     | 17304 ||| INVOKING Heroism.
 17305 | D:15     | 17305 ||| Stepping ~*~*~tactically~*~*~ (hiding).
 17528 | D:15     | 17528 ||| INVOKING Heroism.
 17532 | D:15     | 17532 ||| Stepping ~*~*~tactically~*~*~ (hiding).
 17552 | D:15     | 17552 ||| Stepping ~*~*~tactically~*~*~ (stealth).
 17556 | D:15     | 17556 ||| Stepping ~*~*~tactically~*~*~ (stealth).
 17557 | D:15     | 17557 ||| Stepping ~*~*~tactically~*~*~ (stealth).
 17565 | D:15     | 17565 ||| Stepping ~*~*~tactically~*~*~ (stealth).
 17572 | D:15     | Reached skill level 17 in Axes
 17576 | D:15     | Received a gift from Okawaru
 17606 | D:15     | Found a staircase to the Depths.
 17797 | D:15     | 17797 ||| PLANNING ORC
 17864 | Orc:1    | Entered Level 1 of the Orcish Mines
 17925 | Orc:1    | 17925 ||| Stepping ~*~*~tactically~*~*~ (hiding).
 17935 | Orc:1    | 17935 ||| DROPPING +6 war axe of electrocution.
 17954 | Orc:1    | 17954 ||| INVOKING Heroism.
 18137 | Orc:2    | Entered Level 2 of the Orcish Mines
 18137 | Orc:2    | Noticed an orc warlord
 18137 | Orc:2    | Found Cecvout's Jewellery Shoppe.
 18138 | Orc:2    | 18138 ||| INVOKING Heroism.
 18139 | Orc:2    | 18139 ||| INVOKING Finesse.
 18163 | Orc:2    | Killed an orc warlord
 18163 | Orc:2    | HP: 20/97 [orc warrior/+0 glaive (9)]
 18164 | Orc:2    | 18164 ||| READING 5 scrolls of teleportation.
 18164 | Orc:2    | Slain by an orc warrior

Levels and vault maps discovered:
D:1:      amcnicky_arrival_double_pillar, layout_basic
D:2:      layout_basic, basic_altar, st_stairs_11, minmay_gold_behind_fungi,
          minmay_pentomino_v2, uniq_crazy_yiuf_cottage, uniq_jessica
D:3:      layout_loops_cross, gup_sewer_entry_glass, serial_co_window_serial,
          co_window_paths_b, co_window_paths_a, co_window_paths_a,
          co_window_paths_a, co_window_paths_b, co_window_of_opportunity_a,
          co_window_corner_a, co_window_paths_c, co_window_paths_c,
          co_window_corner_b, co_window_broadway_c, co_window_unsneaky_path_c,
          co_window_paths_c, glass_columns_a, glass_columns_a, glass_columns_a,
          ebering_ecumenical_altar_webs
D:4:      layout_basic, minmay_temple_entry_purple_smoke,
          chequers_serial_rivers_micro_d
D:5:      layout_basic, serial_shops, shop, shop
D:6:      layout_cave_pools, chequers_temple_overflow_statue_of_worship,
          minitemple, kennysheep_vampire_church, okawaru_gym_becter
D:7:      layout_basic, lemuel_tele_altar, enter_bailey_7, uniq_joseph
D:8:      layout_basic, nzn_ghost_randoct, grunt_ministairs_7
D:9:      layout_rooms, david_lair_generic, introduction_to_nature_2
D:10:     layout_loops_corners
D:11:     layout_irregular_city, orc_0_dummy
D:12:     layout_grid_maze, uniq_azrael
D:13:     minmay_strange_plus, layout_gridville, erik_vaults_1, serial_shops,
          bzr_entry_islet, serial_ice, serial_ice_o, serial_ice_c, serial_ice_i,
          serial_ice_a, portal_ice_cave_rime, uniq_jorgrun
D:14:     layout_roguey, serial_shops, nicolae_shop_tiny_waterfront,
          serial_bayou_pond_d, demons_altar
D:15:     grunt_enter_depths_magical_seal, layout_rooms
Temple:   hellmonk_temple_of_storms
Lair:1:   layout_gridlike, uniq_fannar, uniq_amaemon
Lair:2:   layout_big_grid, lemuel_fruit_tree, uniq_urug
Lair:3:   layout_cave_shapes, shoals_dummy_entry,
          hellmonk_spider_entry_life_and_decay, gammafunk_ghost_necromancy,
          lemuel_oklob_altar
Lair:4:   layout_hall_layers, dpeg_slime_entry_enclosed
Lair:5:   hangedman_lair_in_review, layout_regular_city,
          chequers_serial_rivers_large_a
Orc:1:    layout_caves, uniq_erolcha
Orc:2:    grunt_orc_gardens, layout_caves, grunt_orc_garden, grunt_orc_garden,
          grunt_orc_garden, grunt_orc_garden, gammafunk_ghost_fury_of_okawaru,
          minmay_orc_temple_b

Skill      XL: |  1  2  3  4  5  6  7  8  9 10 11 12 13 14 15 |
---------------+----------------------------------------------+-----
Axes           | 2 3 4 5 6 7 8 9 10 11 12 14 16 17 | 17.0
Fighting       | 4 7 8 9 10 11 12 | 12.9
Throwing       | 1 2 3 5 6 |  6.1
Dodging        | 1 2 3 4 |  4.0
Armour         | 4 5 6 8 9 11 12 | 12.0
Invocations    | 4 6 9 10 | 10.1
Shields        | 4 5 6 7 8 |  8.0

Action                     |  1- 3 |  4- 6 |  7- 9 | 10-12 | 13-15 || total
---------------------------+-------+-------+-------+-------+-------++-------
  Melee: War axe           |    76 |   144 |   199 |   323 |   459 ||  1201
         Morningstar       |       |       |       |     3 |    24 ||    27
         Broad axe         |       |       |       |       |   180 ||   180
  Throw: Javelin           |       |    12 |    32 |    33 |   190 ||   267
         Boomerang         |       |     5 |    27 |    32 |    27 ||    91
 Invoke: Heroism           |       |       |     4 |    17 |    27 ||    48
         Finesse           |       |       |       |     1 |     6 ||     7
    Use: Scroll            |     2 |    11 |     7 |     4 |     9 ||    33
         Potion            |       |     1 |     1 |     2 |       ||     4
   Stab: Distracted        |       |       |       |       |     1 ||     1
 Armour: Scale mail        |    26 |       |       |       |       ||    26
         Chain mail        |     6 |    85 |    12 |       |       ||   103
         Plate armour      |       |       |   144 |   255 |   372 ||   771
  Dodge: Dodged            |    30 |    47 |    67 |   122 |   213 ||   479
  Block: Buckler           |    13 |    22 |    38 |    74 |   125 ||   272

Table legend:
 A = Non-vault XP
 B = Vault XP
 C = Vault XP percentage of total XP
 D = Non-vault monster count
 E = Vault monster count
 F = Vault count percentage of total count
                 A         B        C        D         E       F
            +---------+---------+-------+---------+---------+-------
      Total |   80035 |   38681 |  32.6 |     435 |     129 |  22.9
            +---------+---------+-------+---------+---------+-------
        D:1 |      37 |       0 |   0.0 |      21 |       0 |   0.0
        D:2 |     100 |      58 |  36.7 |      22 |       5 |  18.5
        D:3 |     119 |       0 |   0.0 |      15 |       0 |   0.0
        D:4 |     128 |       0 |   0.0 |      18 |       0 |   0.0
        D:5 |     489 |       0 |   0.0 |       8 |       0 |   0.0
        D:6 |     491 |     175 |  26.3 |      19 |       8 |  29.6
        D:7 |    1425 |     470 |  24.8 |      26 |       5 |  16.1
        D:8 |     859 |     249 |  22.5 |      16 |       5 |  23.8
        D:9 |    2098 |    1690 |  44.6 |      19 |      20 |  51.3
       D:10 |    2438 |       0 |   0.0 |      31 |       0 |   0.0
       D:11 |    3667 |       0 |   0.0 |      15 |       0 |   0.0
       D:12 |    2499 |    2201 |  46.8 |      10 |       8 |  44.4
       D:13 |    1198 |   12070 |  91.0 |       6 |      34 |  85.0
       D:14 |    6337 |     417 |   6.2 |      19 |       1 |   5.0
       D:15 |   12613 |    4394 |  25.8 |      25 |       9 |  26.5
     Lair:1 |    2820 |    2061 |  42.2 |      14 |       3 |  17.6
     Lair:2 |    6358 |     784 |  11.0 |      21 |       1 |   4.5
     Lair:3 |    8558 |    1235 |  12.6 |      30 |       4 |  11.8
     Lair:4 |    9487 |       0 |   0.0 |      33 |       0 |   0.0
     Lair:5 |   16008 |    9854 |  38.1 |      41 |      21 |  33.9
      Orc:1 |    1434 |       0 |   0.0 |      22 |       0 |   0.0
      Orc:2 |     872 |    3023 |  77.6 |       4 |       5 |  55.6
            +---------+---------+-------+---------+---------+-------
